PBL
MADISON BREWERS @ JOPLIN BLASTERS
09/04/2047
 
TOP OF THE 1ST
Madison Brewers batting - Pitching for Joplin Blasters : LHP Ben Mills
Pitching: LHP Ben Mills
Batting: RHB Tristan Smeets 0-0: Called Strike
0-1: Ground out 5-3 (Groundball, 5S, EV 84.4 MPH)
Batting: RHB Malcolm McCauley 0-0: Ball
1-0: Ball
2-0: Ball
3-0: Called Strike
3-1: Swinging Strike
3-2: Ground out 4-3 (Groundball, 4M, EV 105.6 MPH)
Batting: LHB Bill Kovac 0-0: Ball
1-0: Hit by Pitch
Batting: LHB Fumito Sakurai 0-0: Ball
1-0: Ball
2-0: Ball
3-0: Base on Balls
Bill Kovac to second
Batting: RHB Frank Pena 0-0: Ball
1-0: Ball
2-0: Ball
3-0: Base on Balls
Bill Kovac to third
Fumito Sakurai to second
Batting: RHB Xiao-shuang Au 0-0: Ball
1-0: Foul Ball, location: 2F
1-1: Foul Ball, location: 2F
1-2: Fly out, F9 (Flyball, 89S, EV 93.1 MPH)
Top of the 1st over - 0 runs, 0 hits, 0 errors, 3 left on base; Madison 0 - Joplin 0
BOTTOM OF THE 1ST
Joplin Blasters batting - Pitching for Madison Brewers : LHP Jose Ruiz
Pitching: LHP Jose Ruiz
Batting: RHB David Rubio 0-0: Called Strike
0-1: Ball
1-1: Foul Ball, location: 2F
1-2: SINGLE (Flyball, 78S, EV 86.9 MPH)
Batting: SHB Adrian Orosco 0-0: Ball
1-0: Foul Ball, location: 2F
1-1: Ball
2-1: Ball
3-1: Base on Balls
David Rubio to second
Batting: RHB Hugo Chavez 0-0: Ball
1-0: Grounds into double play, 6-4-3 (Groundball, 6M, EV 87.5 MPH)
David Rubio to third
Batting: RHB Jose Barboza 0-0: Called Strike
0-1: Swinging Strike
0-2: Strikes out swinging
Bottom of the 1st over - 0 runs, 1 hit, 0 errors, 1 left on base; Madison 0 - Joplin 0
TOP OF THE 2ND
Madison Brewers batting - Pitching for Joplin Blasters : LHP Ben Mills
Batting: LHB Jesus Huante 0-0: Ball
1-0: Ball
2-0: Called Strike
2-1: Foul Ball, location: 2F
2-2: SINGLE (Groundball, 4MD, EV 107.5 MPH)
Batting: LHB Tony Hasbun 0-0: Called Strike
Jesus Huante is caught stealing 2nd base 2-6
0-1: Ball
1-1: Swinging Strike
1-2: Strikes out looking
Batting: RHB Lorenzo Diaz 0-0: Swinging Strike
0-1: Ball
1-1: SINGLE (Groundball, 6MS, EV 71.9 MPH) (infield hit)
Batting: RHB Tristan Smeets 0-0: Ball
1-0: Called Strike
1-1: Ball
2-1: Ball
3-1: Called Strike
3-2: Foul Ball, location: 2F
3-2: Base on Balls
Lorenzo Diaz to second
Batting: RHB Malcolm McCauley 0-0: Ball
1-0: Ball
2-0: Called Strike
2-1: Ball
3-1: Swinging Strike
3-2: Strikes out looking
Top of the 2nd over - 0 runs, 2 hits, 0 errors, 2 left on base; Madison 0 - Joplin 0
BOTTOM OF THE 2ND
Joplin Blasters batting - Pitching for Madison Brewers : LHP Jose Ruiz
Batting: RHB Nick Moore 0-0: Ball
1-0: Ball
2-0: Ball
3-0: Called Strike
3-1: Fly out, F7 (Flyball, 78M, EV 91.2 MPH)
Batting: LHB Jayden Pelayo 0-0: Foul Ball, location: 2F
0-1: Ball
1-1: SINGLE (Groundball, 6S, EV 67.5 MPH) (infield hit)
Batting: SHB Glenn Harrison 0-0: Swinging Strike
0-1: Ball
1-1: Foul Ball, location: 2F
1-2: Strikes out looking
Batting: LHB Josh Lane 0-0: Ball
1-0: Swinging Strike
1-1: Called Strike
1-2: Strikes out swinging
Bottom of the 2nd over - 0 runs, 1 hit, 0 errors, 1 left on base; Madison 0 - Joplin 0
TOP OF THE 3RD
Madison Brewers batting - Pitching for Joplin Blasters : LHP Ben Mills
Batting: LHB Bill Kovac 0-0: Called Strike
0-1: Swinging Strike
0-2: Strikes out swinging
Batting: LHB Fumito Sakurai 0-0: Fly out, F6 (Line Drive, 6, EV 65.6 MPH)
Batting: RHB Frank Pena 0-0: Called Strike
0-1: Ball
1-1: Foul Ball, location: 2F
1-2: Foul Ball, location: 2F
1-2: Foul Ball, location: 2F
1-2: Ball
2-2: Foul Ball, location: 2F
2-2: Ground out 1-3 (Groundball, 13S, EV 61.9 MPH)
Top of the 3rd over - 0 runs, 0 hits, 0 errors, 0 left on base; Madison 0 - Joplin 0
BOTTOM OF THE 3RD
Joplin Blasters batting - Pitching for Madison Brewers : LHP Jose Ruiz
Batting: RHB Bobby Leon 0-0: Called Strike
0-1: Fly out, F8 (Flyball, 8RD, EV 81.9 MPH)
Batting: RHB David Rubio 0-0: Ball
1-0: Ball
2-0: Swinging Strike
2-1: Ball
3-1: Called Strike
3-2: Base on Balls
Batting: SHB Adrian Orosco 0-0: Swinging Strike
0-1: Ball
1-1: Called Strike
1-2: Ball
2-2: Ball
3-2: Foul Ball, location: 2F
3-2: Strikes out looking
Batting: RHB Hugo Chavez 0-0: Swinging Strike
0-1: Called Strike
0-2: Strikes out swinging, 2-3 out at first.
Bottom of the 3rd over - 0 runs, 0 hits, 0 errors, 1 left on base; Madison 0 - Joplin 0
TOP OF THE 4TH
Madison Brewers batting - Pitching for Joplin Blasters : LHP Ben Mills
Batting: RHB Xiao-shuang Au 0-0: Swinging Strike
0-1: Ball
1-1: Ball
2-1: SINGLE (Groundball, 6MD, EV 98.8 MPH)
Batting: LHB Jesus Huante 0-0: Ball
1-0: Ball
2-0: Called Strike
2-1: Swinging Strike
2-2: Ball
3-2: Base on Balls
Xiao-shuang Au to second
Batting: LHB Tony Hasbun 0-0: Grounds into double play, 5-4-3 (Groundball, 5, EV 86.2 MPH)
Xiao-shuang Au to third
Batting: RHB Lorenzo Diaz 0-0: Called Strike
0-1: Ball
1-1: Fly out, F9 (Flyball, 9, EV 98.1 MPH)
Top of the 4th over - 0 runs, 1 hit, 0 errors, 1 left on base; Madison 0 - Joplin 0
BOTTOM OF THE 4TH
Joplin Blasters batting - Pitching for Madison Brewers : LHP Jose Ruiz
Batting: RHB Jose Barboza 0-0: Called Strike
0-1: Foul Ball, location: 2F
0-2: Strikes out looking
Batting: RHB Nick Moore 0-0: Called Strike
0-1: Ball
1-1: Ball
2-1: SINGLE (Flyball, 8RS, EV 91.2 MPH)
Batting: LHB Jayden Pelayo 0-0: Ball
1-0: Swinging Strike
1-1: Ball
2-1: Foul Ball, location: 2F
2-2: Foul Ball, location: 2F
2-2: Strikes out swinging
Batting: SHB Glenn Harrison 0-0: Swinging Strike
0-1: Ball
1-1: Fly out, F9 (Flyball, 9D, EV 100.6 MPH)
Bottom of the 4th over - 0 runs, 1 hit, 0 errors, 1 left on base; Madison 0 - Joplin 0
TOP OF THE 5TH
Madison Brewers batting - Pitching for Joplin Blasters : LHP Ben Mills
Batting: RHB Tristan Smeets 0-0: Ball
1-0: Ball
2-0: Ball
3-0: Called Strike
3-1: Foul Ball, location: 2F
3-2: Base on Balls
Batting: RHB Malcolm McCauley 0-0: Swinging Strike
0-1: Ball
1-1: Ball
2-1: Foul Ball, location: 2F
2-2: Foul Ball, location: 2F
2-2: SINGLE (Groundball, 6MD, EV 107.5 MPH)
Tristan Smeets to second
Tristan Smeets to third
Batting: LHB Bill Kovac 0-0: Ball
1-0: SINGLE (Groundball, 4, EV 96.9 MPH)
Tristan Smeets scores
Malcolm McCauley to second
Runner from 2nd tries for 3rd, SAFE, throw by RF made to third
Batting: LHB Fumito Sakurai 0-0: Ball
1-0: Ball
2-0: Ball
3-0: Base on Balls
Bill Kovac to second
Pitching: RHP Aaron Blackwell
Batting: RHB Frank Pena 0-0: Ball
1-0: Foul Ball, location: 2F
1-1: Called Strike
1-2: Strikes out looking
Batting: RHB Xiao-shuang Au 0-0: Ball
1-0: Ball
2-0: Ball
3-0: Called Strike
3-1: Base on Balls
Malcolm McCauley scores
Bill Kovac to third
Fumito Sakurai to second
Batting: LHB Jesus Huante 0-0: Ball
1-0: Called Strike
1-1: Foul Ball, location: 2F
1-2: Strikes out looking
Batting: LHB Tony Hasbun 0-0: Called Strike
0-1: Swinging Strike
0-2: Ball
1-2: Ground out 4-3 (Groundball, 4, EV 84.4 MPH)
Top of the 5th over - 2 runs, 2 hits, 0 errors, 3 left on base; Madison 2 - Joplin 0
BOTTOM OF THE 5TH
Joplin Blasters batting - Pitching for Madison Brewers : LHP Jose Ruiz
Batting: LHB Josh Lane 0-0: Ball
1-0: DOUBLE (Groundball, 5L, EV 95.6 MPH)
Batting: RHB Bobby Leon 0-0: Swinging Strike
0-1: Foul Ball, location: 2F
0-2: Strikes out swinging
Batting: RHB David Rubio 0-0: Ball
1-0: Called Strike
1-1: Foul Ball, location: 2F
1-2: Strikes out swinging
Batting: SHB Adrian Orosco 0-0: Ball
1-0: Called Strike
1-1: Ball
2-1: Foul Ball, location: 2F
2-2: Strikes out swinging
Bottom of the 5th over - 0 runs, 1 hit, 0 errors, 1 left on base; Madison 2 - Joplin 0
TOP OF THE 6TH
Madison Brewers batting - Pitching for Joplin Blasters : RHP Aaron Blackwell
Batting: RHB Lorenzo Diaz 0-0: Ball
1-0: Fly out, F8 (Flyball, 8LD, EV 100.6 MPH)
Batting: RHB Tristan Smeets 0-0: Fly out, F7 (Flyball, 78D, EV 83.8 MPH)
Batting: RHB Malcolm McCauley 0-0: Ball
1-0: Swinging Strike
1-1: Ground out 6-3 (Groundball, 6, EV 101.9 MPH)
Top of the 6th over - 0 runs, 0 hits, 0 errors, 0 left on base; Madison 2 - Joplin 0
BOTTOM OF THE 6TH
Joplin Blasters batting - Pitching for Madison Brewers : LHP Jose Ruiz
Pitching: LHP Sam Glaser
Batting: RHB Hugo Chavez 0-0: Ball
1-0: Ball
2-0: Ball
3-0: Called Strike
3-1: Foul Ball, location: 2F
3-2: Foul Ball, location: 2F
3-2: Foul Ball, location: 2F
3-2: Ground out 5-3 (Groundball, 56S, EV 87.5 MPH)
Batting: RHB Jose Barboza 0-0: SINGLE (Groundball, 13S, EV 62.5 MPH) (infield hit)
Batting: RHB Nick Moore 0-0: Ball
1-0: Ball
2-0: Ball
3-0: Called Strike
3-1: Called Strike
3-2: DOUBLE (Line Drive, 8RXD, EV 104.4 MPH)
Jose Barboza to third
Batting: LHB Jayden Pelayo 0-0: Swinging Strike
0-1: Called Strike
0-2: Strikes out swinging
Pinch Hitting: SHB Gary Woodroffe 0-0: Called Strike
0-1: Ball
1-1: Ball
2-1: Foul Ball, location: 2F
2-2: Foul Ball, location: 2F
2-2: Strikes out swinging
Bottom of the 6th over - 0 runs, 2 hits, 0 errors, 2 left on base; Madison 2 - Joplin 0
TOP OF THE 7TH
Madison Brewers batting - Pitching for Joplin Blasters : RHP Aaron Blackwell
Now in CF: Angel Melendez
Batting: LHB Bill Kovac 0-0: Called Strike
0-1: Ground out 3-1 (Groundball, 34S, EV 86.9 MPH)
Batting: LHB Fumito Sakurai 0-0: Ball
1-0: Ball
2-0: Ground out 6-3 (Groundball, 6S, EV 85.0 MPH)
Batting: RHB Frank Pena 0-0: Ball
1-0: Ball
2-0: Ball
3-0: Called Strike
3-1: Called Strike
3-2: Foul Ball, location: 2F
3-2: Foul Ball, location: 2F
3-2: Base on Balls
Batting: RHB Xiao-shuang Au 0-0: Ball
1-0: Ball
2-0: Called Strike
2-1: Swinging Strike
2-2: Strikes out swinging
Top of the 7th over - 0 runs, 0 hits, 0 errors, 1 left on base; Madison 2 - Joplin 0
BOTTOM OF THE 7TH
Joplin Blasters batting - Pitching for Madison Brewers : LHP Sam Glaser
Batting: LHB Josh Lane 0-0: Called Strike
0-1: Foul Ball, location: 2F
0-2: Foul Ball, location: 2F
0-2: Foul Ball, location: 2F
0-2: Ball
1-2: Foul Ball, location: 2F
1-2: Ball
2-2: Foul Ball, location: 2F
2-2: Foul Ball, location: 2F
2-2: Foul Ball, location: 2F
2-2: Foul Ball, location: 2F
2-2: Foul Ball, location: 2F
2-2: Ball
3-2: Strikes out swinging
Batting: RHB Bobby Leon 0-0: Ground out 5-3 (Groundball, 56, EV 79.4 MPH)
Batting: RHB David Rubio 0-0: Called Strike
0-1: Ball
1-1: Foul Ball, location: 2F
1-2: Foul Ball, location: 2F
1-2: Ground out 4-3 (Groundball, 4, EV 103.8 MPH)
Bottom of the 7th over - 0 runs, 0 hits, 0 errors, 0 left on base; Madison 2 - Joplin 0
TOP OF THE 8TH
Madison Brewers batting - Pitching for Joplin Blasters : RHP Aaron Blackwell
Pitching: RHP Ryan Robbins
Batting: LHB Jesus Huante 0-0: Ball
1-0: Called Strike
1-1: Ball
2-1: Ball
3-1: Base on Balls
Batting: LHB Tony Hasbun 0-0: Ball
1-0: Swinging Strike
1-1: Called Strike
1-2: Ball
2-2: Fly out, F7 (Flyball, 78S, EV 89.4 MPH)
Batting: RHB Lorenzo Diaz 0-0: Ball
1-0: Called Strike
1-1: Ball
2-1: SINGLE (Line Drive, 6D, EV 100.0 MPH)
Jesus Huante to second
Runner from 2nd tries for 3rd, SAFE, throw by CF made to third
Batting: RHB Tristan Smeets 0-0: Ball
1-0: Ball
2-0: Fielders Choice at 2nd, 1-6 (Groundball, 13S, EV 70.0 MPH)
Batting: RHB Malcolm McCauley 0-0: Ball
1-0: Foul Ball, location: 2F
1-1: Swinging Strike
1-2: Ball
2-2: Foul Ball, location: 2F
2-2: Fly out, F7 (Line Drive, 7, EV 92.5 MPH)
Top of the 8th over - 0 runs, 1 hit, 0 errors, 2 left on base; Madison 2 - Joplin 0
BOTTOM OF THE 8TH
Joplin Blasters batting - Pitching for Madison Brewers : LHP Sam Glaser
Batting: SHB Adrian Orosco 0-0: Ball
1-0: Swinging Strike
1-1: Ball
2-1: Foul Ball, location: 2F
2-2: Strikes out swinging
Batting: RHB Hugo Chavez 0-0: SINGLE (Groundball, 5D, EV 108.1 MPH)
Batting: RHB Jose Barboza 0-0: Swinging Strike
0-1: Ball
1-1: Swinging Strike
1-2: Foul Ball, location: 2F
1-2: Ball
2-2: Ball
3-2: Strikes out swinging
Pitching: RHP Adam Robinson
Batting: RHB Nick Moore 0-0: Fly out, F1 (Line Drive, P, EV 70.6 MPH)
Bottom of the 8th over - 0 runs, 1 hit, 0 errors, 1 left on base; Madison 2 - Joplin 0
TOP OF THE 9TH
Madison Brewers batting - Pitching for Joplin Blasters : RHP Ryan Robbins
Batting: LHB Bill Kovac 0-0: Ball
1-0: Called Strike
1-1: Ground out U3 (Groundball, 3L, EV 83.1 MPH)
Batting: LHB Fumito Sakurai 0-0: Ball
1-0: Ball
2-0: Called Strike
2-1: Ball
3-1: Base on Balls
Pitching: LHP Bin Ya
Batting: RHB Frank Pena 0-0: Ball
1-0: Ball
2-0: Called Strike
2-1: Foul Ball, location: 2F
2-2: Foul Ball, location: 2F
2-2: Foul Ball, location: 2F
2-2: SINGLE (Groundball, 6MD, EV 97.5 MPH)
Fumito Sakurai to second
Batting: RHB Xiao-shuang Au 0-0: Foul Ball, location: 2F
0-1: Ball
1-1: Foul Ball, location: 2F
1-2: Strikes out swinging
Batting: LHB Jesus Huante 0-0: Ball
1-0: Fielders Choice at 2nd, 6-4 (Groundball, 6, EV 98.1 MPH)
Top of the 9th over - 0 runs, 1 hit, 0 errors, 2 left on base; Madison 2 - Joplin 0
BOTTOM OF THE 9TH
Joplin Blasters batting - Pitching for Madison Brewers : RHP Adam Robinson
Pitching: LHP Bill Dunham
Now in LF: Sammar Wambugu
Pinch Hitting: RHB Masakuni Takeuchi 0-0: Called Strike
0-1: Called Strike
0-2: Strikes out swinging
Pinch Hitting: RHB Dermott Ayliffe 0-0: Called Strike
0-1: Foul Ball, location: 2F
0-2: Foul Ball, location: 2F
0-2: Strikes out swinging
Pinch Hitting: RHB Robert Carlos 0-0: Ball
1-0: Called Strike
1-1: Foul Ball, location: 2F
1-2: Strikes out swinging
Bottom of the 9th over - 0 runs, 0 hits, 0 errors, 0 left on base; Madison 2 - Joplin 0
Thursday, December 15th , 2022 - OOTP Baseball 23.9 Build 102